 Dungeon Crawl Stone Soup version 0.23-a0-49-gd9f7a49 (webtiles) character file.

22252 Gergoth the Geomancer (level 12, -5/77 HPs)
             Began as a Gargoyle Earth Elementalist on Aug 6, 2018.
             Was a High Priest of Vehumet.
             Slain by a sixfirhy (10 damage)
             ... summoned by an orc high priest
             ... on level 2 of the Orcish Mines.
             The game lasted 00:42:51 (18681 turns).

Gergoth the Geomancer (GrEE)                       Turns: 18681, Time: 00:42:51

Health: -5/77      AC: 17    Str: 16    XL:     12   Next: 98%
Magic:  19/23      EV: 15    Int: 21    God:    Vehumet [*****.]
Gold:   263        SH:  0    Dex: 10    Spells: 3/25 levels left

rFire    + . .     SeeInvis .   D - +4 lajatang (distort)
rCold    x . .     Gourm    .   (shield currently unavailable)
rNeg     + . .     Faith    .   J - +1 robe {MR+}
rPois    ∞         Spirit   .   (no helmet)
rElec    +         Reflect  .   (no cloak)
rCorr    .         Harm     .   A - +1 pair of gloves
MR       +....                  S - +1 pair of boots {Fly}
Stlth    ++........             (no amulet)
HPRegen  0.22/turn              j - +4 ring of intelligence
MPRegen  0.18/turn              k - ring of fire

@: flying
A: negative energy resistance 1, electricity resistance, unbreathing,
petrification resistance, rot immunity, AC +8
a: Renounce Religion, Stop Flying


You were on level 2 of the Orcish Mines.
You worshipped Vehumet.
Vehumet was extremely pleased with you.
You were not hungry.

You visited 4 branches of the dungeon, and saw 16 of its levels.

You collected 1060 gold pieces.
You spent 797 gold pieces at shops.

Inventory:

Hand Weapons
 n - a +0 flail
 s - a +1 trident of venom
 y - the +6 rapier "Beastbane" {flame, MR+ SInv}
   (You found it on level 10 of the Dungeon)

   It has been specially enchanted to burn those struck by it, causing extra
   injury to most foes and up to half again as much damage against particularly
   susceptible opponents.
   It affects your resistance to hostile enchantments.
   It lets you see invisible.
 D - a +4 lajatang of distortion (weapon)
Missiles
 a - 21 javelins
 b - 209 stones (quivered)
 u - a throwing net
Armour
 q - a +2 buckler
 v - a +2 robe of positive energy
 A - a +1 pair of gloves (worn)
 J - a +1 robe of magic resistance (worn)
 S - a +1 pair of boots of flying (worn)
Jewellery
 j - a +4 ring of intelligence (left hand)
 k - a ring of fire (right hand)
 w - an uncursed ring of protection from cold
 K - an uncursed amulet of rage
Wands
 l - a wand of polymorph (20)
 z - a wand of disintegration (8)
 I - a wand of flame (51)
 M - a wand of digging (17)
 P - a wand of enslavement (16)
Scrolls
 e - a scroll of teleportation
 g - 7 scrolls of remove curse
 i - 3 scrolls of enchant weapon {unknown}
 m - a scroll of fear {unknown}
 o - 6 scrolls of amnesia
 x - 4 scrolls of immolation
 B - 2 scrolls of fog {unknown}
 G - 3 scrolls of magic mapping {unknown}
 L - a scroll of enchant armour {unknown}
 N - a scroll of noise {unknown}
 Q - a scroll of acquirement {unknown}
Potions
 c - a potion of invisibility {unknown}
 f - 3 potions of curing
 h - a potion of haste
 p - 4 potions of resistance
 t - a potion of might
 C - a potion of agility {unknown}
 E - 4 potions of brilliance {unknown}
 F - 2 potions of magic {unknown}
 O - a potion of ambrosia {unknown}
 R - a potion of berserk rage {unknown}
Comestibles
 d - 18 rations
 r - 18 chunks of flesh


   Skills:
 - Level 10.1 Fighting
 + Level 1.5 Staves
 - Level 8.0 Armour
 + Level 6.9 Dodging
 - Level 2.1 Stealth
 - Level 8.0 Shields
 + Level 7.3 Spellcasting
 - Level 6.0 Conjurations
 - Level 0.7 Transmutations
 - Level 10.2 Earth Magic
 - Level 6.0 Evocations


You had 3 spell levels left.
You knew the following spells:

 Your Spells              Type           Power        Failure   Level  Hunger
a - Sandblast             Erth           ######       1%          1    None
b - Passwall              Tmut/Erth      ####....     1%          2    None
c - Stone Arrow           Conj/Erth      #####.       1%          3    None
d - Petrify               Tmut/Erth      ####....     9%          4    ###....
e - Lee's Rapid Deconstr  Erth           ######....   1%          5    #####..
f - Spellforged Servitor  Conj/Summ      ###.......   99%         7    #######

Your spell library contained the following spells:

 Spells                   Type           Power        Failure   Level  Hunger
 Magic Dart               Conj           ####         1%          1    None
 Apportation              Tloc           #.....       9%          1    None
 Confuse                  Hex            #.......     26%         3    None
 Summon Small Mammal      Summ           #...         9%          1    None
 Lehudib's Crystal Spear  Conj/Erth      #####.....   99%         8    #######
 Fire Storm               Conj/Fire      ####......   100%        9    #######
 Iskenderun's Mystic Bla  Conj           ####....     1%          4    ###....
 Animate Skeleton         Necr           N/A          9%          1    None
 Summon Ice Beast         Ice/Summ       #.......     63%         4    ###....
 Poison Arrow             Conj/Pois      ###.......   65%         6    ######.
 Regeneration             Chrm/Necr      #.........   26%         3    None
 Deflect Missiles         Chrm/Air       #.........   100%        6    ######.
 Glaciate                 Conj/Ice       ###.......   100%        9    #######
 Confusing Touch          Hex            #.....       9%          1    None
 Call Canine Familiar     Summ           #.......     26%         3    None
 Metabolic Englaciation   Hex/Ice        #.........   93%         5    #####..
 Summon Butterflies       Summ           #.......     9%          1    None
 Silence                  Hex/Air        #.........   93%         5    #####..
 Conjure Ball Lightning   Conj/Air       ###.......   65%         6    ######.
 Chain Lightning          Conj/Air       ###.......   100%        8    #######
 Tornado                  Air            #.........   100%        9    #######
 Summon Hydra             Summ           #.........   100%        7    #######
 Shroud of Golubria       Chrm/Tloc      #.........   13%         2    None
 Fulminant Prism          Conj/Hex       ###.......   7%          4    ###....
 Dazzling Spray           Conj/Hex       ###...       2%          3    None
 Force Lance              Conj/Tloc      ###.....     7%          4    ###....
 Infusion                 Chrm           #...         9%          1    None
 Song of Slaying          Chrm           #.......     13%         2    None
 Spectral Weapon          Hex/Chrm       #.......     26%         3    None
 Searing Ray              Conj           ####..       1%          2    None
 Summon Lightning Spire   Summ/Air       #.......     63%         4    ###....
 Summon Mana Viper        Hex/Summ       #.......     93%         5    #####..
 Gell's Gravitas          Tloc           #.........   26%         3    None
 Yara's Violent Unravell  Hex/Tmut       #.........   45%         5    #####..


Dungeon Overview and Level Annotations

Branches:
Dungeon (10/15)            Temple (1/1) D:4            Lair (3/6) D:8
    Orc (2/2) D:10            Elf (0/3) Orc:2
  Swamp: Lair:2-4    Shoals: Lair:2-4     Snake: Lair:2-4    Spider: Lair:2-4

Altars:
Ashenzari
Cheibriados
Dithmenos
Elyvilon
Fedhas
Gozag
Hepliaklqana
Makhleb
Nemelex Xobeh
Okawaru
Qazlal
Ru
Sif Muna
Trog
Uskayaw
Vehumet
Wu Jian
Xom
Yredelemnul
Zin
The Shining One

Shops:
D:5 [   D:7 [   D:8 !   D:9 (   Orc:1 [

Annotations:
D:7 Harold
Lair:1 3 runed doors, Protee's ghost, journeyman VSFi


Innate Abilities, Weirdness & Mutations

You are resistant to torment.
Your stone body is resilient. (AC +8)
You are immune to poison.
You resist negative energy. (rN+)
You are resistant to electric shocks. (rElec)
You can survive without breathing.
You are immune to petrification.
You are immune to rotting.


Message History

Casting: Sandblast (safe; 1% risk of failure)
Confirm with . or Enter, or press ? or * to list all spells.
Aiming: Sandblast (safe; 1% risk of failure)
Press: ? - help, Shift-Dir - straight line, f/p - orc high priest
Aim: an orc high priest, wielding a battleaxe and wearing a leather armour (moderately wounded)
The blast of sand hits the orc high priest.
The orc high priest is heavily wounded.
b - 209 stones The sixfirhy hits you.
The sixfirhy shocks you. You resist.
* * * LOW HITPOINT WARNING * * *
The sixfirhy hits you.
* * * LOW HITPOINT WARNING * * *
The sixfirhy shocks you. You resist.
* * * LOW HITPOINT WARNING * * *
The sixfirhy barely misses you.
The orc priest mumbles some strange prayers to Beogh against you.
Beogh smites you!
* * * LOW HITPOINT WARNING * * *
The sixfirhy hits you!
You die...

..h. #................... ...
#.....o............. #..
#................... #..
#..o...........)..#.
#.###..######...................
................................
............o...................
#############.oo................
#.o3@................
#....................
##..#..>.......#......
#...##.....#..........
##.......)............
#....................
###.#.#..#...#.....#..
##.............#...#...
#....#.................


You could see an orc high priest, a sixfirhy, 3 orc priests and 2 orcs.

Vanquished Creatures
  Josephine (D:9)
  A hydra (Lair:3)
  2 two-headed ogres
  Urug (D:10)
  An orc sorcerer (Orc:2)
  2 orc knights
  A cyclops (Orc:2)
  2 black mambas
  2 spiny frogs
  2 komodo dragons
  A queen bee (D:8)
  A troll (D:9)
  4 blink frogs (Lair:3)
  2 hippogriffs
  A vampire (D:9)
  15 yaks
  Sigmund (D:6)
  4 fire bats (D:9)
  4 wraiths (D:9)
  2 basilisks (Lair:1)
  5 wargs
  6 water moccasins
  A hell hound (D:9)
  6 porcupines
  4 black bears
  4 sky beasts
  17 orc warriors
  A necrophage (D:8)
  2 ice beasts
  5 wolves
  3 phantoms
  2 centaurs
  8 ogres
  10 crocodiles
  9 bullfrogs
  19 killer bees
  2 howler monkeys (D:9)
  An electric eel (D:7)
  2 lava snakes (D:9)
  2 centaur zombies
  3 crimson imps
  5 jellies
  11 orc priests
  A gnoll shaman (D:8)
  2 hounds
  15 orc wizards
  6 worker ants
  4 iguanas
  A killer bee zombie (D:6)
  A hound zombie (D:8)
  A worker ant zombie (D:10)
  2 howler monkey skeletons
  6 adders
  14 gnolls
  2 oozes
  2 adder zombies
  4 worms
  5 dart slugs
  2 leopard geckos
  58 orcs
  9 bats
  3 giant cockroaches
  10 goblins
  9 hobgoblins
  6 jackals
  6 quokkas
  2 ball pythons
  4 frilled lizards
  10 kobolds
  2 quokka skeletons
  6 rats
  2 fire vortices (D:9)
373 creatures vanquished.

Vanquished Creatures (others)
  A fire vortex (D:9)
  5 fungi
  3 plants
9 creatures vanquished.

Grand Total: 382 creatures vanquished

Notes
Turn   | Place    | Note
-------+----------+-------------------------------------------
     0 | D:1      | Gergoth the Gargoyle Earth Elementalist began the quest for the Orb.
     0 | D:1      | Reached XP level 1. HP: 10/10 MP: 3/3
   326 | D:1      | Reached XP level 2. HP: 15/15 MP: 1/5
   665 | D:1      | Reached XP level 3. HP: 11/19 MP: 0/6
   886 | D:2      | Found a blossoming altar of Fedhas.
  1106 | D:2      | Learned a level 2 spell: Passwall
  1110 | D:2      | Learned a level 3 spell: Stone Arrow
  1241 | D:2      | Reached XP level 4. HP: 24/24 MP: 3/8
  1272 | D:2      | Reached skill level 5 in Earth Magic
  1862 | D:3      | Found a basalt altar of Yredelemnul.
  1919 | D:3      | Found a white marble altar of Elyvilon.
  2106 | D:3      | Reached XP level 5. HP: 28/28 MP: 7/10
  2161 | D:3      | Found a glowing golden altar of the Shining One.
  2515 | D:4      | Noticed a phantom
  2527 | D:4      | Killed a phantom
  2527 | D:4      | Reached XP level 6. HP: 24/32 MP: 0/12
  2540 | D:4      | Found a staircase to the Ecumenical Temple.
  2586 | Temple   | Entered the Ecumenical Temple
  2671 | Temple   | Became a worshipper of Vehumet
  2754 | D:4      | Noticed a phantom
  2760 | D:4      | Killed a phantom
  2854 | D:4      | Found an iron altar of Okawaru.
  3088 | D:4      | Reached XP level 7. HP: 33/36 MP: 14/14
  3094 | D:4      | Learned a level 4 spell: Petrify
  3100 | D:4      | Learned a level 5 spell: Lee's Rapid Deconstruction
  3166 | D:4      | Reached skill level 5 in Spellcasting
  3246 | D:4      | You fall through a shaft for 2 floors!
  3339 | D:6      | Reached * piety under Vehumet
  3339 | D:6      | Offered knowledge of Sting by Vehumet.
  3765 | D:6      | Noticed Sigmund
  3768 | D:6      | Reached XP level 8. HP: 24/41 MP: 12/16
  4359 | D:5      | Entered Level 5 of the Dungeon
  4363 | D:5      | Found Toph's Antique Armour Shoppe.
  4502 | D:5      | Reached skill level 10 in Earth Magic
  4646 | D:5      | Reached skill level 1 in Fighting
  4979 | D:4      | Found a hazy altar of Hepliaklqana.
  4979 | D:4      | Found a burning altar of Makhleb.
  5262 | D:6      | Killed Sigmund
  5291 | D:6      | Reached XP level 9. HP: 48/52 MP: 18/18
  5367 | D:7      | Reached skill level 5 in Fighting
  5383 | D:7      | Found Ucexomim's Antique Armour Shop.
  5409 | D:7      | Offered knowledge of Throw Flame by Vehumet.
  5419 | D:7      | Reached ** piety under Vehumet
  5599 | D:7      | Found a shimmering altar of Xom.
  5600 | D:7      | Found a shimmering altar of Xom.
  5600 | D:7      | Found a shimmering altar of Xom.
  5602 | D:7      | Found a shimmering altar of Xom.
  6147 | D:7      | Noticed Harold
  6243 | D:8      | Found a staircase to the Lair.
  7036 | D:8      | Reached XP level 10. HP: 62/68 MP: 19/19
  7055 | D:8      | Reached skill level 10 in Fighting
  7058 | D:8      | Reached skill level 1 in Armour
  7127 | D:8      | Noticed a two-headed ogre
  7130 | D:8      | Reached skill level 1 in Evocations
  7157 | D:8      | Offered knowledge of Mephitic Cloud by Vehumet.
  7316 | D:8      | Killed a two-headed ogre
  7390 | D:8      | Found Ciump's Distillery.
  7396 | D:8      | Bought a potion of heal wounds for 70 gold pieces
  7457 | D:8      | Found a deep blue altar of Sif Muna.
  7694 | D:8      | Reached *** piety under Vehumet
  7956 | D:8      | Found a hide-covered altar of Uskayaw.
  7972 | D:8      | Found a bloodstained altar of Trog.
  7974 | D:8      | Found a glowing silver altar of Zin.
  8124 | D:9      | Offered knowledge of Iskenderun's Mystic Blast by Vehumet.
  8334 | D:9      | Reached skill level 5 in Armour
  8384 | D:9      | Found Bishrim's Antique Weapon Boutique.
  8609 | Lair:1   | Entered Level 1 of the Lair of Beasts
  8621 | Lair:1   | Noticed a spiny frog
  8626 | Lair:1   | Killed a spiny frog
  8722 | Lair:1   | Found a runed gate.
  8722 | Lair:1   | Found a runed gate.
  8722 | Lair:1   | Found a runed gate.
  8727 | Lair:1   | Noticed Protee's ghost (journeyman VSFi)
  8742 | Lair:1   | Reached skill level 5 in Conjurations
  8742 | Lair:1   | Reached XP level 11. HP: 64/72 MP: 20/20
  9055 | Lair:1   | Reached skill level 5 in Evocations
 10032 | Lair:2   | Got a smoking hand axe
 10261 | Lair:2   | Identified the cursed +1 hand axe of the Dead {venom, *Rage +Inv rN+ MP+9} (You found it on level 2 of the Lair of Beasts)
 10946 | Lair:2   | Reached **** piety under Vehumet
 11203 | Lair:3   | Reached skill level 1 in Shields
 11211 | Lair:3   | HP: 2/72 [yak (2)]
 11814 | Lair:3   | Offered knowledge of Olgreb's Toxic Radiance by Vehumet.
 12506 | Lair:3   | Noticed an eight-headed hydra
 12514 | Lair:3   | Killed an eight-headed hydra
 12514 | Lair:3   | Reached XP level 12. HP: 77/77 MP: 18/21
 12538 | Lair:3   | Reached skill level 5 in Shields
 12673 | D:5      | Bought a pair of runed boots for 187 gold pieces
 13066 | D:9      | Found a sparkling altar of Nemelex Xobeh.
 13682 | D:10     | Entered Level 10 of the Dungeon
 14033 | D:10     | Reached skill level 5 in Dodging
 14212 | D:10     | Identified the +6 rapier "Beastbane" {flame, MR+ SInv} (You found it on level 10 of the Dungeon)
 14275 | D:9      | Reached ***** piety under Vehumet
 14396 | D:10     | Found a staircase to the Orcish Mines.
 14673 | Orc:1    | Entered Level 1 of the Orcish Mines
 14681 | Orc:1    | Offered knowledge of Spellforged Servitor by Vehumet.
 14832 | D:10     | Noticed Urug
 14859 | D:10     | Killed Urug
 15168 | Orc:1    | Noticed Josephine
 15836 | D:10     | HP: 2/77 [orc warrior/broad axe (3)]
 16142 | D:9      | Killed Josephine
 16731 | Orc:1    | Noticed a two-headed ogre
 16735 | Orc:1    | Killed a two-headed ogre
 17207 | Orc:1    | Found Wost's Antique Armour Shoppe.
 17338 | D:9      | Bought a runed lajatang for 540 gold pieces
 17362 | Orc:2    | Entered Level 2 of the Orcish Mines
 18171 | Orc:2    | Learned a level 7 spell: Spellforged Servitor
 18301 | Orc:2    | Reached skill level 1 in Staves
 18583 | Orc:2    | Found a staircase to the Elven Halls.
 18634 | Orc:2    | Offered knowledge of Bolt of Magma by Vehumet.
 18674 | Orc:2    | Noticed an orc high priest
 18681 | Orc:2    | Slain by a sixfirhy

Vault maps used:
D:1:      dpeg_arrival_short_road, hangedman_abyss_or_decor_lesser_grid
D:2:      fedhas_altar_1
D:3:      kennysheep_ying_yang, nicolae_overflow_hidden_temple, first_ration,
          kennysheep_generic_room_14
D:4:      okawaru_altar_gauntlet_db, gammafunk_temple_overflow_elements,
          minmay_temple_entry_overgrown
D:5:      serial_shops, shop
D:6:      uniq_sigmund
D:7:      xom_redecorated, serial_shops, nicolae_shop_crystal, fountainhead,
          uniq_harold
D:8:      kennysheep_orc_sif_temple, minitemple, minmay_lair_entry_grove,
          serial_shops, shop_fountains, david_nohive_1
D:9:      nemelex_xobeh_ov_fountains_minmay, serial_shops, shop,
          minmay_stone_trees_medium, hangedman_incinerator
D:10:     minmay_orc_entry_guard_dogs, minmay_holes, wad_floor_pattern_1,
          uniq_urug
Temple:   compressed_dpeg_triangle_lava_temple
Lair:1:   ebering_ghost_rock_garden
Lair:3:   elwin_shoals_entry_rocks, lemuel_fruit_tree, lemuel_fruit_fields
Orc:1:    serial_shops, shop, nicolae_orc_sculptors_studio, uniq_josephine
Orc:2:    st_orc_town

Skill      XL: |  1  2  3  4  5  6  7  8  9 10 11 12 |
---------------+-------------------------------------+-----
Earth Magic    | 4 5 6 7 8 10 | 10.2
Spellcasting   | 3 4 5 6 7 |  7.3
Fighting       | 4 9 10 | 10.1
Armour         | 5 8 |  8.0
Evocations     | 4 6 |  6.0
Conjurations   | 5 6 |  6.0
Shields        | 4 8 |  8.0
Dodging        | 4 6 |  6.9
Staves         | 1 |  1.5
Stealth        | |  2.1
Transmutations | |  0.7

Action                   |  1- 3 |  4- 6 |  7- 9 | 10-12 || total
-------------------------+-------+-------+-------+-------++-------
Melee: Unarmed           |    25 |       |       |       ||    25
       Flail             |       |    28 |       |       ||    28
       Trident           |       |    74 |   191 |   607 ||   872
       Rapier            |       |       |       |    67 ||    67
       Lajatang          |       |       |       |    39 ||    39
 Cast: Sandblast         |    49 |    43 |    40 |    63 ||   195
       Lee's Rapid Decon |       |       |     9 |    41 ||    50
       Petrify           |       |       |     7 |    12 ||    19
       Stone Arrow       |       |       |     8 |   101 ||   109
       Passwall          |       |       |       |     3 ||     3
Evoke: Wand              |       |       |       |     1 ||     1
  Use: Scroll            |       |     3 |     6 |     9 ||    18
       Potion            |       |       |       |     3 ||     3
 Stab: Sleeping          |       |     1 |     4 |     3 ||     8
       Petrified         |       |       |    14 |    20 ||    34
       Petrifying        |       |       |     1 |       ||     1
       Distracted        |       |       |       |     1 ||     1
  Eat: Chunk             |     1 |     6 |    10 |    42 ||    59
       Ration            |       |       |     2 |     3 ||     5
Armor: Robe              |    12 |    34 |   116 |   393 ||   555
Dodge: Dodged            |    22 |    64 |   140 |   573 ||   799
Block: Buckler           |       |    29 |    66 |   267 ||   362

Table legend:
 A = Spawn XP
 B = Non-spawn XP
 C = Spawn XP percentage of total XP
 D = Spawn monster count
 E = Non-spawn monster count
 F = Spawn count percentage of total count
 G = Total turns spent on level
                    A         B        C        D         E        F      G
               +---------+---------+-------+---------+---------+-------+---------
         Total |       0 |   31789 |   0.0 |       0 |     371 |   0.0 | 18681
               +---------+---------+-------+---------+---------+-------+---------
           D:1 |       0 |      37 |   0.0 |       0 |      18 |   0.0 |   847
           D:2 |       0 |      91 |   0.0 |       0 |      29 |   0.0 |   681
           D:3 |       0 |     117 |   0.0 |       0 |      21 |   0.0 |   982
           D:4 |       0 |     511 |   0.0 |       0 |      20 |   0.0 |   865
           D:5 |       0 |     675 |   0.0 |       0 |      14 |   0.0 |   656
           D:6 |       0 |     949 |   0.0 |       0 |      16 |   0.0 |  1474
           D:7 |       0 |    1852 |   0.0 |       0 |      32 |   0.0 |  1432
           D:8 |       0 |    3519 |   0.0 |       0 |      38 |   0.0 |  1099
           D:9 |       0 |    4696 |   0.0 |       0 |      39 |   0.0 |  3279
          D:10 |       0 |    2648 |   0.0 |       0 |      24 |   0.0 |  1294
        Lair:1 |       0 |    3151 |   0.0 |       0 |      14 |   0.0 |  1253
        Lair:2 |       0 |    2778 |   0.0 |       0 |      17 |   0.0 |  1629
        Lair:3 |       0 |    5228 |   0.0 |       0 |      23 |   0.0 |  1133
         Orc:1 |       0 |    3243 |   0.0 |       0 |      36 |   0.0 |  1078
         Orc:2 |       0 |    2294 |   0.0 |       0 |      30 |   0.0 |   869
               +---------+---------+-------+---------+---------+-------+---------
